 Dungeon Crawl Stone Soup version 0.32-a0-576-g706899e69d (webtiles) character file.

Game seed: 14281637253662539939

5594 cforsyth the Reanimator (level 10, -4/94 HPs)
             Began as a Mountain Dwarf Necromancer on Mar 1, 2024.
             Slain by Erolcha
             ... wielding a +0 giant spiked club
              (33 damage)
             ... on level 9 of the Dungeon.
             The game lasted 00:18:24 (10010 turns).

cforsyth the Reanimator (MDNe)                     Turns: 10010, Time: 00:18:24

Health: -4/94      AC: 13    Str: 20    XL:     10   Next: 45%
Magic:  20/20      EV: 10    Int: 22    God:
Gold:   499        SH:  0    Dex: 10    Spells: 7/12 levels left

rFire   . . .        t - +4 battleaxe "Ucuagus" {distort, rPois rN+ Str+9 Int+2}
rCold   . . .        (shield currently unavailable)
rNeg    + . .        j - +0 scale mail
rPois   +            l - +2 helmet
rElec   .            c - +0 cloak
rCorr   .            g - +2 pair of gloves
SInv    .            (no boots)
Will    +....        v - amulet of regeneration
Stlth   +            M - ring of magical power
HPRegen 1.15/turn    (no ring)
MPRegen 0.17/turn

%: no passive effects
@: no status effects
A: runic magic, artefact enchanting, deterioration 1, low MP 1, MP-powered
wands, sturdy frame 1
a: no special abilities


You were on level 9 of the Dungeon.
You visited 2 branches of the dungeon, and saw 10 of its levels.

You collected 499 gold pieces.


Innate Abilities, Weirdness & Mutations

Your spellcasting is much less encumbered by armour.
You can use scrolls of enchantment on lesser artefacts.
Your body sometimes deteriorates upon taking damage.
Your magical capacity is low. (-10% MP)
You expend magic power (3 MP) to strengthen your wands.
Your movements are slightly less encumbered by armour. (ER -2)


   Skills:
 + Level 10.7 Fighting
 + Level 8.6 Axes
 - Level 1.0(5.4) Maces & Flails
 - Level 1.3 Dodging
 - Level 1.4 Stealth
 - Level 1.7 Spellcasting
 + Level 11.5 Necromancy


You had 7 spell levels left.
You knew the following spells:

 Your Spells              Type           Power      Damage    Failure   Level
a - Animate Dead          Necr           52%        N/A       1%          4
X - Necrotise             Necr           100%       1d9       1%          1

Your spell library contained the following spells:

 Spells                   Type           Power      Damage    Failure   Level
 Vampiric Draining        Necr           52%        2d9       1%          3
 Curse of Agony           Necr           52%        N/A       4%          5
 Cigotuvi's Dreadful Rot  Necr/Alch/Air  36%        N/A       5%          2
 Freeze                   Ice            4%         1d3       17%         1
 Mercury Vapours          Alch/Air       2%         N/A       26%         2
 Frozen Ramparts          Ice            2%         1d1       45%         3
 Hailstorm                Conj/Ice       1%         3d5       45%         3
 Mephitic Cloud           Conj/Alch/Air  1%         N/A       45%         3
 Ignite Poison            Fire/Alch      1%         N/A       86%         4
 Olgreb's Toxic Radiance  Alch           1%         N/A       86%         4
 Freezing Cloud           Conj/Ice/Air   0%         6-21      99%         5
 Ozocubu's Refrigeration  Ice            0%         4d7       100%        7
 Discord                  Hex            0%         N/A       100%        8

Inventory:

Hand Weapons
 a - a +0 morningstar
 i - a +0 short sword
 t - the +4 battleaxe "Ucuagus" (weapon) {distort, rPois rN+ Str+9 Int+2}
   (You found it on level 6 of the Dungeon)

   Str+9:     It affects your strength (+9).
   Int+2:     It affects your intelligence (+2).
   rPois:     It protects you from poison.
   rN+:       It protects you from negative energy.
Missiles
 k - 24 poisoned darts
 q - 2 throwing nets {=f}
Armour
 c - a +0 cloak (worn)
 g - a +2 pair of gloves (worn)
 j - a +0 scale mail (worn)
 l - a +2 helmet (worn)
 s - a +0 pair of boots
Magical Staves
 B - a staff of cold {!a}
Jewellery
 m - a ring of magical power
 v - an amulet of regeneration (around neck)
 L - a ring of flight
 M - a ring of magical power (left hand)
Wands
 w - a wand of charming (11)
Scrolls
 d - 4 scrolls of teleportation {unknown}
 e - 3 scrolls of enchant weapon {unknown}
 f - 2 scrolls of revelation {unknown}
 h - 6 scrolls of identify {unknown}
 n - a scroll of amnesia {unknown}
 r - a scroll of vulnerability {unknown}
 y - a scroll of noise {unknown}
 z - a scroll of blinking {unknown}
Potions
 b - 2 potions of magic
 o - 3 potions of heal wounds {unknown}
 p - 3 potions of enlightenment {unknown}
 u - a potion of invisibility {unknown}
 x - 4 potions of degeneration {unknown}
 A - 2 potions of mutation

Dungeon Overview and Level Annotations

Branches:
Dungeon (9/15)             Temple (1/1) D:5
   Lair: D:8-11         Orc: D:9-12

Altars:
Ashenzari
Cheibriados
Dithmenos
Elyvilon
Fedhas
Hepliaklqana
Kikubaaqudgha
Makhleb
Nemelex Xobeh
Okawaru
Qazlal
Ru
Sif Muna
Trog
Vehumet
Wu Jian
Xom
Yredelemnul
Zin
The Shining One

Annotations:
D:7 2 transporters
D:9 Erolcha
Abyss:1 Dowan, Duvessa

######## ######...
..# ####
#....#.####.###...
#...............
#..#<#.#....O.# #.
#........@.# #
#.#........#####
#...#...........<
#.#.#............
..................
#####.##...........
#..##.$....###.#
#####......# .#
.........


You could see Erolcha.


Message History

Erolcha misses you.
You closely miss Erolcha.
Erolcha hits you with a +0 giant spiked club!!
You slash Erolcha!
Space warps around Erolcha.
Erolcha is moderately wounded.
Erolcha barely misses you.
You hit Erolcha.
Erolcha is moderately wounded.
Erolcha blinks!
Erolcha gestures wildly while chanting.
Erolcha blinks!
Found a stone staircase leading up.
Erolcha hits you with a +0 giant spiked club!!
You hit Erolcha.
Space warps horribly around Erolcha!
Erolcha is severely wounded.
Erolcha hits you with a +0 giant spiked club!!
* * * LOW HITPOINT WARNING * * *
You are too injured to fight recklessly!
You are too injured to fight recklessly!
You are too injured to fight recklessly!
You are too injured to fight recklessly!
You are too injured to fight recklessly!
You are too injured to fight recklessly!
You are too injured to fight recklessly!
You are too injured to fight recklessly!
You are too injured to fight recklessly!
You slash Erolcha!
Erolcha is almost dead.
Erolcha hits you with a +0 giant spiked club!!
You die...

Skill      XL: |  1  2  3  4  5  6  7  8  9 10 |
---------------+-------------------------------+-----
Fighting       | 1 2 3 4 5 7 8 10 | 10.7
Necromancy     | 5 6 7 8 9 10 11 | 11.5
Maces & Flails | 1 |  1.0
Axes           | 4 7 8 |  8.6
Dodging        | |  1.3
Stealth        | |  1.4
Spellcasting   | |  1.7

Action                     |  1- 3 |  4- 6 |  7- 9 | 10-12 || total
---------------------------+-------+-------+-------+-------++-------
  Melee: Unarmed           |    15 |       |       |       ||    15
         Short sword       |   113 |    21 |   158 |       ||   292
         Battleaxe         |       |       |   106 |    43 ||   149
   Cast: Necrotise         |    53 |   152 |    42 |       ||   247
         Animate Dead      |       |       |     4 |       ||     4
    Use: Potion            |       |       |     6 |       ||     6
   Stab: Distracted        |       |       |       |     1 ||     1
 Armour: Robe              |    41 |    23 |       |       ||    64
         Scale mail        |    71 |    26 |   325 |    38 ||   460
         Skin              |       |       |    67 |       ||    67
  Dodge: Dodged            |    73 |    28 |   182 |    15 ||   298

Levels and vault maps discovered:
D:1:      lightli_arrival_lavapool, layout_loops_cross
D:2:      layout_loops_ring, due_unseen_surprise, uniq_robin
D:3:      minmay_spotlight, layout_rooms, tso_metal_star, grunt_decor_arrowhead,
          chequers_serial_rivers_micro_b, kennysheep_cross_room, moated_statue,
          grunt_ministairs_14, nicolae_wormholes
D:4:      layout_basic, mainiacjoe_overflow_six_doors_small
D:5:      layout_layer_cave, okawaru_trees_2, grunt_dithmenos_smoke,
          temple_pool_b
D:6:      layout_cave_pods, serial_demonic, serial_demonic_b, serial_demonic_g,
          serial_demonic_d, serial_demonic_g, serial_demonic_f,
          serial_demonic_d, kennysheep_small_circle, uniq_pikel, uniq_duvessa
D:7:      gammafunk_cloud_chamber, layout_loops_ring
D:8:      minmay_s_stair_smasher, layout_basic, amcnicky_altar_gilded
D:9:      layout_basic, marbit_many_paths, nicolae_uskayaw_dance_studio,
          david_orc_5, lemuel_flamethrower_hall, uniq_erolcha
Temple:   eino_wide_crystal_templ

Notes
Turn   | Place    | Note
-------+----------+-------------------------------------------
     0 | D:1      | cforsyth the Mountain Dwarf Necromancer began the quest for
                  | the Orb.
     0 | D:1      | Reached XP level 1. HP: 14/14 MP: 3/3
   148 | D:1      | Reached skill level 1 in Fighting
   232 | D:1      | Reached XP level 2. HP: 23/23 MP: 1/4
  1103 | D:2      | Reached skill level 2 in Fighting
  1103 | D:2      | Reached skill level 5 in Necromancy
  1103 | D:2      | Reached XP level 3. HP: 26/29 MP: 2/5
  1793 | D:2      | Noticed Robin
  1870 | D:2      | Killed Robin
  1871 | D:2      | Reached XP level 4. HP: 37/37 MP: 2/6
  2295 | D:3      | Reached skill level 3 in Fighting
  2563 | D:4      | Reached XP level 5. HP: 13/45 MP: 0/7
  2995 | D:3      | Found a glowing golden altar of the Shining One.
  3697 | D:4      | Noticed an ogre
  3743 | D:4      | Reached skill level 6 in Necromancy
  3973 | D:4      | Found a radiant altar of Vehumet.
  3991 | D:4      | Reached skill level 4 in Fighting
  4381 | D:4      | Killed an ogre
  4382 | D:4      | Reached XP level 6. HP: 31/55 MP: 8/8
  4998 | D:5      | Entered Level 5 of the Dungeon
  5004 | D:5      | Reached skill level 5 in Fighting
  5280 | D:5      | Found a staircase to the Ecumenical Temple.
  5298 | Temple   | Entered the Ecumenical Temple
  5420 | D:5      | Reached skill level 7 in Necromancy
  5609 | D:4      | Reached XP level 7. HP: 55/61 MP: 9/9
  5737 | D:5      | Found a shadowy altar of Dithmenos.
  5957 | D:5      | Found an iron altar of Okawaru.
  5967 | D:5      | Reached skill level 6 in Fighting
  6163 | D:6      | Reached skill level 8 in Necromancy
  6770 | D:6      | Identified a potion of resistance
  6782 | D:6      | Gained mutation: Your movements are slightly less
                  | encumbered by armour. (ER -2) [potion of mutation]
  6782 | D:6      | Gained mutation: Your body sometimes deteriorates upon
                  | taking damage. [potion of mutation]
  6782 | D:6      | Gained mutation: Your magical capacity is low. (-10% MP)
                  | [potion of mutation]
  6782 | D:6      | Gained mutation: You expend magic power (3 MP) to
                  | strengthen your wands. [potion of mutation]
  6864 | D:6      | Noticed Pikel
  7113 | D:5      | Learned a level 4 spell: Animate Dead
  7156 | D:6      | Identified the +4 battleaxe "Ucuagus" {distort, rPois rN+
                  | Str+9 Int+2}
  7209 | D:6      | Reached skill level 7 in Fighting
  7209 | D:6      | Reached XP level 8. HP: 50/73 MP: 9/9
  7211 | D:6      | Reached skill level 1 in Maces & Flails
  7279 | D:6      | Noticed Duvessa
  7284 | D:6      | Banished Duvessa
  7284 | D:6      | Noticed Dowan
  7285 | D:6      | Reached skill level 1 in Axes
  7289 | D:6      | Banished Dowan
  7290 | D:6      | Reached skill level 2 in Axes
  7397 | D:6      | Reached skill level 9 in Necromancy
  7416 | D:6      | Reached skill level 3 in Axes
  7478 | D:6      | Reached skill level 8 in Fighting
  7673 | D:6      | Reached skill level 4 in Axes
  7767 | D:6      | Killed Pikel
  7768 | D:6      | Reached XP level 9. HP: 69/82 MP: 10/10
  7909 | D:7      | Reached skill level 5 in Axes
  7917 | D:7      | Found a transporter.
  7972 | D:7      | Found a transporter.
  8137 | D:7      | Reached skill level 10 in Necromancy
  8254 | D:7      | Reached skill level 9 in Fighting
  8546 | D:7      | Reached skill level 6 in Axes
  8596 | D:8      | Noticed a two-headed ogre
  8726 | D:8      | Found an ancient bone altar of Kikubaaqudgha.
  8783 | D:8      | Killed a two-headed ogre
  8784 | D:8      | Reached skill level 7 in Axes
  8845 | D:8      | Reached skill level 10 in Fighting
  8845 | D:8      | Reached XP level 10. HP: 93/93 MP: 11/11
  8888 | D:8      | Reached skill level 11 in Necromancy
  8895 | D:8      | Noticed a two-headed ogre
  8897 | D:8      | Killed a two-headed ogre
  8898 | D:8      | Reached skill level 8 in Axes
  9027 | D:8      | Identified the +6 flail "Ybluzell" {freeze, Fly rElec}
  9431 | D:8      | Noticed a deep elf pyromancer
  9439 | D:8      | Killed a deep elf pyromancer
  9787 | D:9      | Noticed Erolcha
 10010 | D:9      | Slain by Erolcha

Vanquished Creatures
  2 two-headed ogres (D:8)
  Pikel (D:6)
  A deep elf pyromancer (D:8)
  A steam dragon (D:6)
  An acid dragon (D:8)
  2 water moccasins
  An orc warrior (D:8)
  2 ice beasts
  3 sky beasts
  3 ogres
  3 lemures
  A kobold brigand (D:7)
  2 bullfrogs
  4 wights (D:8)
  2 howler monkeys
  3 bombardier beetles
  2 quasits (D:6)
  A hound (D:4)
  2 jellies
  3 orc priests
  2 gnoll boudas
  9 iguanas
  A sleepcap (D:8)
  5 orc wizards
  Robin (D:2)
  8 gnolls
  7 adders
  2 shadow imps
  3 white imps
  4 ufetubi
  5 ribbon worms
  A dart slug (D:1)
  14 orcs
  2 endoplasms
  4 giant cockroaches
  6 goblins
  12 hobgoblins
  6 jackals
  11 kobolds
  8 quokkas
  3 ball pythons
  5 bats
  A frilled lizard (D:2)
  4 rats
164 creatures vanquished.

Vanquished Creatures (collateral kills)
  A yak (D:8)
  An orc warrior (D:8)
  A bullfrog (D:8)
  A wight (D:8)
  A ball python (D:3)
  A goblin (D:1)
6 creatures vanquished.

Vanquished Creatures (others)
  4 orc zombies (D:8)
4 creatures vanquished.

Grand Total: 174 creatures vanquished

Table legend: (Time is in decaauts)
 A = Elapsed time spent in this place.
 B = Non-inter-level travel time spent in this place.
 C = Inter-level travel time spent in this place.
 D = Time resting spent in this place.
 E = Time spent auto-exploring this place.
 F = Levels seen in this place.
 G = Mean time per level.
                   A        B        C        D        E       F      G
               +--------+--------+--------+--------+--------+-----+--------+
         Total |  10065 |   9713 |    352 |   1024 |   6884 |  10 | 1006.5 |
       Dungeon |  10063 |   9711 |    352 |   1024 |   6884 |   9 | 1118.1 |
        Temple |      1 |      1 |      0 |      0 |      0 |   1 |    1.0 |
               +--------+--------+--------+--------+--------+-----+--------+

Top non-repeatable levels by time:
     D:4: 1903 daAuts
     D:5: 1500 daAuts
     D:8: 1380 daAuts
     D:6: 1242 daAuts
     D:2: 1217 daAuts
     D:3: 1167 daAuts
     D:1: 883 daAuts
     D:7: 742 daAuts
     D:9: 24 daAuts
  Temple: 1 daAuts

Table legend:
 A = Non-vault XP
 B = Vault XP
 C = Vault XP percentage of total XP
 D = Non-vault monster count
 E = Vault monster count
 F = Vault count percentage of total count
                 A         B        C        D         E       F
            +---------+---------+-------+---------+---------+-------
      Total |    4302 |    3690 |  46.2 |     132 |      39 |  22.8
            +---------+---------+-------+---------+---------+-------
        D:1 |      23 |       0 |   0.0 |      12 |       0 |   0.0
        D:2 |      62 |      25 |  28.7 |      18 |       6 |  25.0
        D:3 |      28 |      46 |  62.2 |      16 |       5 |  23.8
        D:4 |     388 |       0 |   0.0 |      22 |       0 |   0.0
        D:5 |     585 |       0 |   0.0 |      16 |       0 |   0.0
        D:6 |     709 |    1200 |  62.9 |      19 |      13 |  40.6
        D:7 |     909 |       0 |   0.0 |      13 |       0 |   0.0
        D:8 |    1598 |    2419 |  60.2 |      16 |      15 |  48.4
            +---------+---------+-------+---------+---------+-------
